 Dungeon Crawl Stone Soup version 0.28-a0-268-g3f656e82c2 (webtiles) character file.

Game seed: 7794897899101824919

2843 frimble the Fighter (level 9, -2/74 HPs)
             Began as a Gnoll Wanderer on Aug 29, 2021.
             Slain by an orc wizard (3 damage)
             ... on level 7 of the Dungeon.
             The game lasted 00:08:53 (6105 turns).

frimble the Fighter (Gnoll Wanderer)                Turns: 6105, Time: 00:08:54

Health: -2/74      AC: 10    Str: 14    XL:     9   Next: 74%
Magic:  15/15      EV: 13    Int: 16    God:
Gold:   338        SH:  0    Dex: 14    Spells: 13/17 levels left

rFire   . . .      SeeInvis .   a - +2 dagger (drain)
rCold   . . .      Faith    .   (no shield)
rNeg    . . .      Spirit   .   p - +0 troll leather armour
rPois   +          Reflect  .   k - +0 helmet
rElec   .          Harm     .   C - scarf {repulsion}
rCorr   .          Rampage  .   q - +0 pair of gloves
Will    .....                   d - +1 pair of boots {Fly}
Stlth   +++.......              (no amulet)
HPRegen 1.22/turn               h - +6 ring of dexterity
MPRegen 0.14/turn               o - ring of poison resistance

@: flying, repel missiles
A: fangs 1, strong nose, distributed training
a: no special abilities


You were on level 7 of the Dungeon.
You visited 1 branch of the dungeon, and saw 7 of its levels.

You collected 338 gold pieces.

Inventory:

Hand Weapons
 a - a +2 dagger of draining (weapon)
 b - a +2 shortbow
Missiles
 l - 92 arrows
 n - 31 poisoned darts (quivered)
 t - 2 throwing nets
Armour
 d - a +1 pair of boots of flying (worn)
 k - a +0 helmet (worn)
 p - a +0 troll leather armour (worn)
 q - a +0 pair of gloves (worn)
 C - a scarf of repulsion (worn)
Jewellery
 h - a +6 ring of dexterity (left hand)
 i - a ring of protection from cold
 o - a ring of poison resistance (right hand)
Wands
 s - a wand of flame (5)
 x - a wand of paralysis (9)
 A - a wand of acid (8)
Scrolls
 e - a scroll of fog {unknown}
 j - a scroll of immolation
 v - a scroll of amnesia
Potions
 c - 5 potions of curing
 f - a potion of mutation
 g - a potion of magic
 m - 2 potions of lignification
 u - a potion of heal wounds {unknown}
 w - a potion of cancellation {unknown}
 z - 4 potions of flight {unknown}
 B - a potion of might {unknown}


   Skills:
 + Level 8.0 Fighting
 + Level 4.5 Short Blades
 + Level 4.5 Long Blades
 + Level 4.5 Axes
 + Level 4.5 Maces & Flails
 + Level 5.3 Polearms
 + Level 4.5 Staves
 + Level 4.5 Slings
 + Level 6.5 Bows
 + Level 4.5 Crossbows
 + Level 5.3 Throwing
 + Level 6.5 Armour
 + Level 4.5 Dodging
 + Level 5.2 Stealth
 + Level 4.5 Shields
 + Level 4.5 Unarmed Combat
 + Level 4.5 Spellcasting
 + Level 3.7 Conjurations
 + Level 3.7 Hexes
 + Level 3.7 Summonings
 + Level 3.7 Necromancy
 + Level 3.7 Translocations
 + Level 3.7 Transmutations
 + Level 3.7 Fire Magic
 + Level 3.7 Ice Magic
 + Level 3.7 Air Magic
 + Level 3.7 Earth Magic
 + Level 3.7 Poison Magic
 + Level 5.0 Invocations
 + Level 4.5 Evocations


You had 13 spell levels left.
You knew the following spells:

 Your Spells              Type           Power      Damage    Failure   Level
a - Olgreb's Toxic Radia  Pois           15%        N/A       38%         4

Your spell library contained the following spells:

 Spells                   Type           Power      Damage    Failure   Level
 Sting                    Tmut/Pois      60%        1d6       4%          1
 Poisonous Vapours        Pois/Air       30%        N/A       6%          2
 Dispersal                Tloc           7%         N/A       100%        6
 Disjunction              Tloc           7%         N/A       100%        8


Dungeon Overview and Level Annotations

Branches:
Dungeon (7/15)             Temple (0/1) D:5

Altars:
Cheibriados
Dithmenos
Elyvilon
Gozag
Nemelex Xobeh
Uskayaw
Wu Jian


Innate Abilities, Weirdness & Mutations

You have very sharp teeth.
Your uncanny sense of smell can sniff out nearby items.
Your experience applies equally to all skills.


Message History

The orc priest is lightly wounded.
You hit the orc priest. You drain the orc priest.
The orc priest is moderately wounded.
The orc priest casts a cantrip, but nothing happens.
You hear some strange, mumbled words.
A magic dart appears from out of thin air!
The magic dart hits you but does no damage.
You barely miss the orc priest.
The orc priest is moderately wounded.
The orc priest calls down the wrath of Beogh upon you.
Pain shoots through your body! The troll bites you! The troll claws you.
The troll closely misses you.
You hit the orc priest.
The orc priest is severely wounded.
Something hits you but does no damage. The orc priest hits you with a +0 club.
The troll bites you but does no damage. The troll misses you. x2
You hear some strange, mumbled words.
You are confused.
The orc priest looks satisfied for a moment.
You bump into the rock wall.
The troll bites you. The troll claws you!
The troll claws you but does no damage.
You hear some strange, mumbled words.
A puff of flame appears from out of thin air!
The puff of flame is repelled.
You barely miss something. The troll closely misses you. x2
The troll misses you. Something hits you but does no damage.
You bump into the rock wall.
The troll bites you!
* * * LOW HITPOINT WARNING * * *
The troll claws you but does no damage. The troll claws you!
* * * LOW HITPOINT WARNING * * *
Something hits you but does no damage. x2
You feel better.
The orc priest invokes the aid of Beogh against you.
Beogh smites you!
* * * LOW HITPOINT WARNING * * *
The troll closely misses you. The troll claws you but does no damage.
The troll claws you.
* * * LOW HITPOINT WARNING * * *
Something hits you.
You die...

....$........#
###.....)...##
...........## ........)###
.#.#...))# .......#.##
∆... ##...#...o### ......
###...oZ{T.###.........
##...#{@..##............ #
##...###.##............
#..###.#.................#
##.....†####..##........##
.........................#
.#####....###............#
#..#..###...........##
#..##.# ##...........#
#... ... #............


You could see a troll, an orc priest (drained), an orc and a killer bee zombie.

Vanquished Creatures
  2 kobold demonologists (D:6)
  Grinder (D:5)
  A steam dragon (D:6)
  2 black bears
  An ice beast (D:4)
  An orc warrior (D:7)
  3 sky beasts
  A necrophage (D:5)
  3 ogres
  A centaur (D:6)
  A phantom (D:5)
  2 kobold brigands (D:6)
  A wyvern zombie (D:6)
  4 wights (D:5)
  A howler monkey (D:6)
  3 hounds
  An orc priest (D:7)
  A centaur skeleton (D:7)
  A jelly (D:3)
  A bullfrog skeleton (D:5)
  Ijyb (D:3)
  2 iguanas
  2 orc wizards
  A killer bee zombie (D:5)
  Robin (D:2)
  4 adders
  3 gnolls (D:4)
  A shadow imp (D:5)
  A white imp (D:6)
  2 adder skeletons
  A worm (D:2)
  4 dart slugs
  8 orcs
  2 ball pythons
  7 bats
  7 endoplasms
  3 giant cockroaches
  14 goblins
  7 hobgoblins
  17 jackals
  2 quokkas
  4 frilled lizards
  9 kobolds
  2 rats (D:2)
137 creatures vanquished.

Vanquished Creatures (others)
  2 orcs (D:6)
2 creatures vanquished.

Grand Total: 139 creatures vanquished

Notes
Turn   | Place    | Note
-------+----------+-------------------------------------------
     0 | D:1      | frimble the Gnoll Wanderer began the quest for the Orb.
     0 | D:1      | frimble set off with the following items: a +2 shortbow, 26
                  | arrows, a potion of curing, a +0 ring mail
     0 | D:1      | Reached XP level 1. HP: 23/23 MP: 1/1
    90 | D:1      | Reached XP level 2. HP: 29/29 MP: 2/2
   485 | D:1      | Found a faded altar of an unknown god.
   609 | D:1      | Reached XP level 3. HP: 35/35 MP: 3/3
  1280 | D:2      | Reached skill level 1 in Invocations
  1296 | D:2      | Noticed Robin
  1340 | D:3      | Reached skill level 1 in Short Blades
  1340 | D:3      | Reached skill level 1 in Long Blades
  1340 | D:3      | Reached skill level 1 in Axes
  1340 | D:3      | Reached skill level 1 in Maces & Flails
  1340 | D:3      | Reached skill level 1 in Staves
  1340 | D:3      | Reached skill level 1 in Slings
  1340 | D:3      | Reached skill level 1 in Crossbows
  1340 | D:3      | Reached skill level 1 in Dodging
  1340 | D:3      | Reached skill level 1 in Shields
  1340 | D:3      | Reached skill level 1 in Unarmed Combat
  1340 | D:3      | Reached skill level 1 in Spellcasting
  1340 | D:3      | Reached skill level 1 in Evocations
  1640 | D:2      | Killed Robin
  1641 | D:2      | Reached XP level 4. HP: 20/41 MP: 5/5
  2545 | D:3      | Reached skill level 1 in Conjurations
  2545 | D:3      | Reached skill level 1 in Hexes
  2545 | D:3      | Reached skill level 1 in Summonings
  2545 | D:3      | Reached skill level 1 in Necromancy
  2545 | D:3      | Reached skill level 1 in Translocations
  2545 | D:3      | Reached skill level 1 in Transmutations
  2545 | D:3      | Reached skill level 1 in Fire Magic
  2545 | D:3      | Reached skill level 1 in Ice Magic
  2545 | D:3      | Reached skill level 1 in Air Magic
  2545 | D:3      | Reached skill level 1 in Earth Magic
  2545 | D:3      | Reached skill level 1 in Poison Magic
  2908 | D:3      | Reached XP level 5. HP: 34/47 MP: 5/7
  3032 | D:3      | Found an opulent altar of Gozag.
  3095 | D:3      | Noticed Ijyb
  3115 | D:3      | Killed Ijyb
  3369 | D:3      | Learned a level 4 spell: Olgreb's Toxic Radiance
  3485 | D:4      | Found an ornate altar of the Wu Jian Council.
  3485 | D:4      | Found a shadowy altar of Dithmenos.
  3640 | D:4      | Reached XP level 6. HP: 52/53 MP: 8/8
  3681 | D:4      | Reached skill level 5 in Bows
  3681 | D:4      | Reached skill level 5 in Armour
  3826 | D:4      | Noticed an ice beast
  3841 | D:4      | Killed an ice beast
  3842 | D:4      | Reached skill level 7 in Fighting
  3842 | D:4      | Reached XP level 7. HP: 60/60 MP: 10/10
  4195 | D:5      | Entered Level 5 of the Dungeon
  4398 | D:5      | Found a staircase to the Ecumenical Temple.
  4425 | D:5      | Identified the +5 ring mail "Leusirr" {Dex+2}
  4554 | D:5      | Reached XP level 8. HP: 67/67 MP: 12/12
  4764 | D:5      | Found a hide-covered altar of Uskayaw.
  4862 | D:5      | Found a sparkling altar of Nemelex Xobeh.
  5106 | D:5      | Noticed Grinder
  5136 | D:5      | Killed Grinder
  5281 | D:6      | Reached XP level 9. HP: 63/72 MP: 14/14
  5357 | D:6      | Noticed a kobold demonologist
  5389 | D:6      | Noticed a kobold demonologist
  5395 | D:6      | Killed a kobold demonologist
  5403 | D:6      | Noticed a red devil
  5403 | D:6      | Killed a kobold demonologist
  5404 | D:6      | Reached skill level 5 in Polearms
  5404 | D:6      | Reached skill level 5 in Throwing
  5512 | D:6      | Found a white marble altar of Elyvilon.
  5534 | D:6      | Reached skill level 5 in Stealth
  5556 | D:6      | Found a white marble altar of Elyvilon.
  5861 | D:6      | Reached skill level 8 in Fighting
  5861 | D:6      | Found a snail-covered altar of Cheibriados.
  6055 | D:7      | Noticed a troll
  6095 | D:7      | Reached skill level 5 in Invocations
  6105 | D:7      | HP: 1/74 [troll (6)]
  6105 | D:7      | Slain by an orc wizard

Illustrated notes

Levels and vault maps discovered:
D:1:      mrwooster_arrival_arrow, layout_basic,
          shapermc_ecumenical_altar_ellora
D:2:      layout_basic, uniq_robin
D:3:      layout_loops_ring, grunt_gozag_statues, minmay_misc_feat_enclosed,
          patterned_corridor, uniq_ijyb
D:4:      layout_loops_cross, jmf_multi_god_temple
D:5:      layout_loops_ring, nicolae_uskayaw_suspiria,
          mainiacjoe_overflow_six_doors_small, minmay_temple_entry_overgrown,
          uniq_grinder
D:6:      layout_rooms, cheibriados_altar_1, overflow_temple_1_default,
          kennysheep_diamond, grunt_decor_one_mirror, dk_noncrumbling_4
D:7:      layout_rooms

Skill      XL: |  1  2  3  4  5  6  7  8  9 |
---------------+----------------------------+-----
Invocations    | 1 2 3 4 5 |  5.0
Short Blades   | 1 2 3 4 |  4.5
Long Blades    | 1 2 3 4 |  4.5
Axes           | 1 2 3 4 |  4.5
Maces & Flails | 1 2 3 4 |  4.5
Staves         | 1 2 3 4 |  4.5
Slings         | 1 2 3 4 |  4.5
Crossbows      | 1 2 3 4 |  4.5
Dodging        | 1 2 3 4 |  4.5
Shields        | 1 2 3 4 |  4.5
Unarmed Combat | 1 2 3 4 |  4.5
Spellcasting   | 1 2 3 4 |  4.5
Evocations     | 1 2 3 4 |  4.5
Conjurations   | 1 2 3 |  3.7
Hexes          | 1 2 3 |  3.7
Summonings     | 1 2 3 |  3.7
Necromancy     | 1 2 3 |  3.7
Translocations | 1 2 3 |  3.7
Transmutations | 1 2 3 |  3.7
Fire Magic     | 1 2 3 |  3.7
Ice Magic      | 1 2 3 |  3.7
Air Magic      | 1 2 3 |  3.7
Earth Magic    | 1 2 3 |  3.7
Poison Magic   | 1 2 3 |  3.7
Polearms       | 3 4 5 |  5.3
Throwing       | 3 4 5 |  5.3
Bows           | 5 6 |  6.5
Armour         | 5 6 |  6.5
Stealth        | 3 4 5 |  5.2
Fighting       | 7 8 |  8.0

Action                   |  1- 3 |  4- 6 |  7- 9 || total
-------------------------+-------+-------+-------++-------
Melee: Dagger            |    67 |   188 |   381 ||   636
       Bite              |     8 |    18 |    25 ||    51
       Punch             |       |       |     9 ||     9
 Fire: Shortbow          |   105 |     7 |    42 ||   154
Throw: Dart              |       |     1 |       ||     1
Evoke: Wand              |       |       |    10 ||    10
  Use: Scroll            |     2 |     5 |     5 ||    12
       Potion            |       |     1 |     2 ||     3
 Stab: Sleeping          |       |     3 |     7 ||    10
       Distracted        |       |     1 |       ||     1
Armor: Ring mail         |    89 |    51 |       ||   140
       Troll leather arm |       |    44 |   155 ||   199
Dodge: Dodged            |    84 |   119 |   290 ||   493
       Repelled          |       |       |     1 ||     1

Table legend: (Time is in decaauts)
 A = Elapsed time spent in this place.
 B = Non-inter-level travel time spent in this place.
 C = Inter-level travel time spent in this place.
 D = Time resting spent in this place.
 E = Time spent auto-exploring this place.
 F = Levels seen in this place.
 G = Mean time per level.
                   A        B        C        D        E       F      G
               +--------+--------+--------+--------+--------+-----+--------+
         Total |   6045 |   5723 |    322 |    171 |   4120 |   7 |  863.6 |
       Dungeon |   6045 |   5723 |    322 |    171 |   4120 |   7 |  863.6 |
               +--------+--------+--------+--------+--------+-----+--------+

Top non-repeatable levels by time:
     D:2: 1344 daAuts
     D:3: 1213 daAuts
     D:5: 1055 daAuts
     D:1: 872 daAuts
     D:4: 756 daAuts
     D:6: 738 daAuts
     D:7: 64 daAuts
